 Dungeon Crawl Stone Soup version 0.30-a0-568-g124715a40b (webtiles) character file.

Game seed: 1890546450429510559

5672 bmack86 the Cleaver (level 10, -2/90 HPs)
             Began as a Minotaur Fighter on Dec 29, 2022.
             Collided with a rock wall (5 damage)
             ... caused by Erica
             ... on level 8 of the Dungeon.
             The game lasted 00:22:53 (5599 turns).

bmack86 the Cleaver (Minotaur Fighter)              Turns: 5599, Time: 00:22:54

Health: -2/90      AC: 16    Str: 25    XL:     10   Next: 47%
Magic:  9/9        EV: 10    Int:  5    God:
Gold:   359        SH:  5    Dex: 10    Spells: 9/9 levels left

rFire   . . .      SeeInvis .    E - +2 broad axe (elec)
rCold   . . .      Faith    .    c - +0 buckler
rNeg    . . .      Spirit   .    G - +0 swamp dragon scales
rPois   +          Reflect  .    (helmet restricted)
rElec   .          Harm     .    (no cloak)
rCorr   .          Rampage  .    v - +2 pair of gloves
Will    .....                    y - +2 pair of boots Stlth
                                 n - amulet of regeneration
HPRegen 1.15/turn                (no ring)
MPRegen 0.11/turn                (no ring)

@: slowed, very slow
A: horns 2, retaliatory headbutt
a: no special abilities


You were on level 8 of the Dungeon.
You visited 2 branches of the dungeon, and saw 9 of its levels.

You collected 487 gold pieces.
You spent 128 gold pieces at shops.

Inventory:

Hand Weapons
 a - a +0 war axe
 D - a +2 hand axe of electrocution
 E - a +2 broad axe of electrocution (weapon)
Missiles
 o - 8 poisoned darts
 s - 2 boomerangs
 x - a throwing net
 C - 2 curare-tipped darts
 J - 3 javelins (quivered)
Armour
 b - a +0 scale mail
 c - a +0 buckler (worn)
 v - a +2 pair of gloves (worn)
 y - a +2 pair of boots (worn)
 G - +0 swamp dragon scales (worn)
Jewellery
 n - an amulet of regeneration (around neck)
Wands
 d - a wand of roots (6)
 f - a wand of quicksilver (8)
 t - a wand of flame (8)
 I - a wand of mindburst (13)
Scrolls
 e - 2 scrolls of fog
 i - a scroll of amnesia
 j - a scroll of noise
 l - 3 scrolls of immolation
 m - 2 scrolls of teleportation
 z - a scroll of brand weapon
 B - a scroll of poison
Potions
 g - 2 potions of magic
 h - 3 potions of degeneration
 k - 3 potions of brilliance
 p - a potion of ambrosia {unknown}
 q - 4 potions of attraction
 r - a potion of resistance {unknown}
 u - 3 potions of heal wounds
 w - 2 potions of curing {unknown}
 A - 4 potions of haste
 H - a potion of mutation {unknown}


   Skills:
 + Level 8.6 Fighting
 * Level 11.2 Axes
 + Level 6.1 Throwing
 + Level 8.6 Armour
 + Level 8.5 Shields


You had 9 spell levels left.
You didn't know any spells.
Your spell library contained the following spells:

 Spells                   Type           Power      Damage    Failure   Level
 Apportation              Tloc           0%         N/A       67%         1
 Alistair's Intoxication  Tmut/Pois      0%         N/A       100%        5
 Yara's Violent Unravell  Hex/Tmut       0%         3d3       100%        5
 Enfeeble                 Hex            0%         N/A       100%        7


Dungeon Overview and Level Annotations

Branches:
Dungeon (8/15)             Temple (1/1) D:5
   Lair: D:8-11

Altars:
Cheibriados
Dithmenos
Fedhas
Gozag
Hepliaklqana
Nemelex Xobeh
Qazlal
Ru
Sif Muna
Trog
Uskayaw
Vehumet
Wu Jian
Xom
Yredelemnul
Zin

Shops:
D:7 *

Annotations:
D:8 Erica


Innate Abilities, Weirdness & Mutations

You have a pair of horns on your head.
You reflexively headbutt those who attack you in melee.


Message History

The bullfrog closely misses you.
You completely miss something. You closely miss the bullfrog.
The bullfrog hits you.
You hear some strange, mumbled words.
A lance of force appears from out of thin air!
The lance of force hits you.
You are knocked back by the lance of force.
You slam into the rock wall!
* * * LOW HITPOINT WARNING * * *
You block the bullfrog's attack. Something hits you.
* * * LOW HITPOINT WARNING * * *
Something burns you.
* * * LOW HITPOINT WARNING * * *
You closely miss something. Your headbutt misses something.
You closely miss the bullfrog. The bullfrog barely misses you.
The bullfrog hits you but does no damage.
Something hits you.
* * * LOW HITPOINT WARNING * * *
Something burns you.
* * * LOW HITPOINT WARNING * * *
The bullfrog hits you but does no damage.
You miss something. You hit the bullfrog.
The bullfrog hits you but does no damage.
Something hits you but does no damage. The bullfrog barely misses you.
Something hits you!
* * * LOW HITPOINT WARNING * * *
Something burns you.
* * * LOW HITPOINT WARNING * * *
You barely miss something. You slash the bullfrog!
You kill the bullfrog!
Something hits you but does no damage.
It was a potion of heal wounds.
You feel much better. Something hits you but does no damage.
You hear some strange, mumbled words.
A lance of force appears from out of thin air!
The lance of force hits you!!
* * * LOW HITPOINT WARNING * * *
You are knocked back by the lance of force.
You slam into the rock wall!
You die...

#.#..≈. ....... #....§.
....... #....≈.
.......### ####..#.≈§
......... #.....§...
......... .....#.#..
........####.##..........
..............#.##....##.
.......{@### ...##..#.#..
.......#...##..# #..#.#.#
......####.##..# #..#.#.#
###### #.....###..#.#.#
###............#
#.............
##......<...... ######
##.........##... #....#
#..........##...


There were no monsters in sight!

Vanquished Creatures
  A two-headed ogre (D:8)
  Amaemon (D:8)
  An orange demon (D:8)
  Maggie (D:6)
  Prince Ribbit (D:8)
  A hornet (D:7)
  Sigmund (D:3)
  6 water moccasins
  A black bear (D:5)
  An ice beast (D:5)
  A centaur (D:7)
  4 ogres
  A phantom (D:6)
  A necrophage (D:5)
  9 bullfrogs
  A gnoll sergeant (D:6)
  4 scorpions
  3 killer bees (D:8)
  A howler monkey (D:6)
  4 crimson imps (D:3)
  5 hounds
  A jelly (D:6)
  5 orc priests
  A gnoll bouda (D:6)
  Terence (D:3)
  4 iguanas
  Ijyb (D:3)
  3 orc wizards
  8 adders
  12 gnolls
  A shadow imp (D:8)
  A white imp (D:5)
  A worm (D:3)
  4 dart slugs
  25 orcs
  5 bats
  6 endoplasms
  3 giant cockroaches
  6 hobgoblins
  4 quokkas
  3 ball pythons
  14 frilled lizards
  3 goblins
  3 kobolds (D:3)
  2 rats (D:1)
166 creatures vanquished.

Vanquished Creatures (others)
  3 fungi (D:3)
  7 plants (D:1)
  2 toadstools (D:3)
12 creatures vanquished.

Grand Total: 178 creatures vanquished

Notes
Turn   | Place    | Note
-------+----------+-------------------------------------------
     0 | D:1      | bmack86 the Minotaur Fighter began the quest for the Orb.
     0 | D:1      | Reached XP level 1. HP: 19/19 MP: 0/0
   231 | D:1      | Reached XP level 2. HP: 27/27 MP: 1/1
   462 | D:1      | Reached skill level 3 in Axes
   843 | D:2      | Reached XP level 3. HP: 33/33 MP: 2/2
  1077 | D:3      | Noticed Terence
  1085 | D:3      | Killed Terence
  1102 | D:3      | Reached XP level 4. HP: 40/40 MP: 3/3
  1177 | D:3      | Noticed Ijyb
  1183 | D:3      | Killed Ijyb
  1195 | D:3      | Reached skill level 4 in Axes
  1195 | D:3      | Reached skill level 1 in Throwing
  1207 | D:3      | Noticed Sigmund
  1220 | D:3      | Killed Sigmund
  1221 | D:3      | Reached XP level 5. HP: 37/47 MP: 4/4
  1272 | D:3      | Reached XP level 6. HP: 53/53 MP: 5/5
  1436 | D:3      | Found a shimmering altar of Xom.
  1444 | D:3      | Reached skill level 5 in Axes
  1640 | D:3      | Found a hazy altar of Hepliaklqana.
  2084 | D:4      | Reached skill level 5 in Fighting
  2084 | D:4      | Reached skill level 5 in Armour
  2084 | D:4      | Reached skill level 5 in Shields
  2206 | D:4      | Found a stormy altar of Qazlal.
  2234 | D:4      | Found a hide-covered altar of Uskayaw.
  2307 | D:4      | Reached XP level 7. HP: 40/61 MP: 6/6
  2516 | D:4      | Reached skill level 6 in Axes
  2626 | D:5      | Entered Level 5 of the Dungeon
  3066 | D:5      | Found a staircase to the Ecumenical Temple.
  3073 | D:5      | Reached XP level 8. HP: 27/70 MP: 7/7
  3111 | Temple   | Entered the Ecumenical Temple
  3290 | D:5      | Reached skill level 7 in Axes
  3380 | D:5      | Found a bloodstained altar of Trog.
  3663 | D:5      | Found a glowing silver altar of Zin.
  3784 | D:5      | Reached skill level 8 in Axes
  3897 | D:6      | Reached XP level 9. HP: 45/78 MP: 8/8
  4028 | D:6      | Reached skill level 9 in Axes
  4250 | D:6      | Noticed Maggie
  4263 | D:6      | Killed Maggie
  4264 | D:6      | Reached skill level 5 in Throwing
  4887 | D:7      | Found Nutsuf's General Store.
  4909 | D:7      | Bought 3 javelins for 31 gold pieces
  4909 | D:7      | Bought a scroll of enchant armour for 97 gold pieces
  5012 | D:7      | Reached skill level 10 in Axes
  5109 | D:8      | Noticed Prince Ribbit
  5140 | D:8      | Killed Prince Ribbit
  5255 | D:8      | Found a snail-covered altar of Cheibriados.
  5257 | D:8      | Noticed a two-headed ogre
  5262 | D:8      | Reached XP level 10. HP: 65/88 MP: 9/9
  5266 | D:8      | Killed a two-headed ogre
  5461 | D:8      | Noticed an orange demon
  5462 | D:8      | Noticed Amaemon
  5470 | D:8      | Killed an orange demon
  5474 | D:8      | Killed Amaemon
  5475 | D:8      | Reached skill level 11 in Axes
  5546 | D:8      | Found a radiant altar of Vehumet.
  5586 | D:8      | Noticed Erica
  5597 | D:8      | HP: 2/90 [something (3)]
  5599 | D:8      | Collided with a rock wall

Illustrated notes

Levels and vault maps discovered:
D:1:      dpeg_arrival_ternary, layout_rooms, minmay_lizard_king
D:2:      layout_basic
D:3:      layout_basic, led_xom_imps, old_standard_altar,
          roderic_nine_men_s_morris, minmay_gold_behind_fungi, uniq_sigmund,
          uniq_ijyb, uniq_terence
D:4:      layout_basic, nicolae_qazlal_general_emergency,
          mainiacjoe_overflow_surrounded_room
D:5:      layout_basic, lemuel_coloured_pillars_altar,
          mainiacjoe_overflow_paths, minmay_temple_entry_glass,
          kennysheep_generic_room_12
D:6:      layout_rooms, uniq_maggie
D:7:      layout_basic, serial_shops, shop
D:8:      layout_rooms, kennysheep_little_box, mainiacjoe_overflow_brackets,
          uniq_prince_ribbit1, uniq_erica, uniq_amaemon
Temple:   nicolae_temple_bog_church

Skill      XL: |  1  2  3  4  5  6  7  8  9 10 |
---------------+-------------------------------+-----
Axes           | 3 4 5 6 8 10 11 | 11.2
Fighting       | 4 5 6 7 8 |  8.6
Armour         | 4 5 6 8 |  8.6
Shields        | 4 5 6 7 8 |  8.5
Throwing       | 1 2 3 4 5 6 |  6.1

Action                   |  1- 3 |  4- 6 |  7- 9 | 10-12 || total
-------------------------+-------+-------+-------+-------++-------
Melee: War axe           |    53 |   127 |   245 |     4 ||   429
       Headbutt          |     4 |    17 |    44 |     6 ||    71
       Broad axe         |       |       |       |    29 ||    29
Throw: Dart              |       |       |    22 |       ||    22
       Javelin           |       |       |     2 |       ||     2
  Use: Scroll            |     4 |     1 |    14 |       ||    19
       Potion            |       |       |       |     2 ||     2
Armor: Scale mail        |    26 |    47 |    92 |       ||   165
       Swamp dragon scal |       |       |    30 |    24 ||    54
Dodge: Dodged            |    39 |    50 |   126 |    18 ||   233
Block: Buckler           |    17 |    33 |    86 |    13 ||   149

Table legend: (Time is in decaauts)
 A = Elapsed time spent in this place.
 B = Non-inter-level travel time spent in this place.
 C = Inter-level travel time spent in this place.
 D = Time resting spent in this place.
 E = Time spent auto-exploring this place.
 F = Levels seen in this place.
 G = Mean time per level.
                   A        B        C        D        E       F      G
               +--------+--------+--------+--------+--------+-----+--------+
         Total |   5705 |   5450 |    255 |     24 |   3339 |   9 |  633.9 |
       Dungeon |   5528 |   5292 |    236 |     24 |   3190 |   8 |  691.0 |
        Temple |    176 |    157 |     19 |      0 |    149 |   1 |  176.0 |
               +--------+--------+--------+--------+--------+-----+--------+

Top non-repeatable levels by time:
     D:5: 1028 daAuts
     D:3: 1005 daAuts
     D:7: 748 daAuts
     D:1: 652 daAuts
     D:4: 599 daAuts
     D:6: 562 daAuts
     D:8: 495 daAuts
     D:2: 436 daAuts
  Temple: 176 daAuts
